 Dungeon Crawl Stone Soup version 0.18-a0-1682-g23343eb (webtiles) character file.

50167 Ebgish the Thaumaturge (level 14, 0/85 HPs)
             Began as a Mummy Fire Elementalist on Apr 3, 2016.
             Was the Champion of Sif Muna.
             Slain by a fire crab (16 damage)
             ... on level 8 of the Lair of Beasts.
             The game lasted 02:26:06 (25774 turns).

Ebgish the Thaumaturge (Mummy Fire Elementalist)   Turns: 25774, Time: 02:26:09

Health: 0/85       AC: 12    Str: 12    XL:     14   Next: 18%
Magic:  33/40      EV: 12    Int: 25    God:    Sif Muna [******]
Gold:   1120       SH:  0    Dex: 12    Spells: 7 memorised, 16 levels left

rFire  x . .     SeeInvis .     g - +4 dagger (protect)
rCold  + . .     Gourm    .     y - +1 robe {MR+}
rNeg   + + +     Faith    .     (no shield)
rPois  ∞         Spirit   .     (no helmet)
rElec  .         Dismiss  .     k - +0 cloak
rCorr  .         Reflect  .     s - +0 pair of gloves
SustAt .         Harm     .     c - +1 pair of boots
MR     ++...                    (no amulet)
Stlth  ++........               L - ring of magical power
                                e - +6 ring of intelligence

@: very resistant to hostile enchantments, unstealthy
A: no food or potions, fire vulnerability, cold resistance 1, negative energy
resistance 3, torment resistance, unbreathing, in touch with death 1, restore
body
a: Self-Restoration, Channel Energy, Forget Spell, Renounce Religion


You were on level 8 of the Lair of Beasts.
You worshipped Sif Muna.
Sif Muna was exalted by your worship.
You were not hungry.

You visited 3 branches of the dungeon, and saw 20 of its levels.
You also visited: Ice Cave.

You collected 1120 gold pieces.

Inventory:

Hand Weapons
 g - a +4 dagger of protection (weapon)
Armour
 c - a +1 pair of boots (worn)
 k - a +0 cloak (worn)
 s - a +0 pair of gloves (worn)
 y - a +1 robe of magic resistance (worn)
 D - a troll hide
Magical Staves
 n - an uncursed staff of poison
 G - an uncursed staff of air
 T - an uncursed staff of cold
Jewellery
 e - a +6 ring of intelligence (left hand)
 H - an uncursed ring of protection from cold
 I - an uncursed ring of ice
 L - a ring of magical power (right hand)
 P - an uncursed ring of see invisible
 S - an uncursed ring of protection from magic
 U - a +3 ring of evasion
Wands
 i - a wand of flame (18/48)
 j - a wand of lightning (13/15)
 o - a wand of lightning (0/15)
 u - a wand of digging (13/24)
 v - a wand of random effects (20/48)
 x - a wand of confusion (27/48)
 A - a wand of lightning (8/15)
 F - a wand of polymorph (11/24)
 J - a wand of paralysis (10/24)
 K - a wand of confusion (15/48)
 N - a wand of lightning (9/15)
 Q - a wand of enslavement (2/24)
 R - a wand of iceblast (0/15)
Scrolls
 f - 2 scrolls of teleportation
 l - 3 scrolls of remove curse
 m - 2 scrolls of magic mapping
 p - 3 scrolls of fog
 r - 5 scrolls of recharging
 w - 6 scrolls of identify
 B - 3 scrolls of amnesia
 C - a scroll of enchant weapon
 M - 4 scrolls of enchant armour
Books
 a - a Grand Grimoire

   Spells                             Type                      Level
   a - Monstrous Menagerie            Summoning                    7
   b - Summon Greater Demon           Summoning                    7
   c - Malign Gateway                 Summoning/Translocation      7
   d - Summon Horrible Things         Summoning                    8
 b - a book of Flames

   Spells                             Type                      Level
   a - Flame Tongue                   Conjuration/Fire             1
   b - Throw Flame                    Conjuration/Fire             2
   c - Conjure Flame                  Conjuration/Fire             3
   d - Inner Flame                    Hexes/Fire                   3
   e - Sticky Flame                   Conjuration/Fire             4
   f - Fireball                       Conjuration/Fire             5
 d - Sif Muna's Almanac of Flamy Good Luck
   (Sif Muna gifted it to you on level 7 of the Lair of Beasts)

   Spells                             Type                      Level
   a - Conjure Flame                  Conjuration/Fire             3
   b - Inner Flame                    Hexes/Fire                   3
   c - Excruciating Wounds            Charms/Necromancy            5
   d - Simulacrum                     Ice/Necromancy               6
   e - Haunt                          Necromancy/Summoning         7
 h - a book of the Tempests

   Spells                             Type                      Level
   a - Static Discharge               Conjuration/Air              3
   b - Lightning Bolt                 Conjuration/Air              5
   c - Fireball                       Conjuration/Fire             5
   d - Tornado                        Air                          9
   e - Shatter                        Earth                        9
 q - a book of Clouds

   Spells                             Type                      Level
   a - Mephitic Cloud                 Conjuration/Poison/Air       3
   b - Conjure Flame                  Conjuration/Fire             3
   c - Poisonous Cloud                Conjuration/Poison/Air       6
   d - Freezing Cloud                 Conjuration/Ice/Air          6
   e - Ring of Flames                 Charms/Fire                  7
 t - a book of Annihilations

   Spells                             Type                      Level
   a - Poison Arrow                   Conjuration/Poison           6
   b - Chain Lightning                Conjuration/Air              8
   c - Lehudib's Crystal Spear        Conjuration/Earth            8
   d - Glaciate                       Conjuration/Ice              9
   e - Fire Storm                     Conjuration/Fire             9
 z - a book of Geomancy

   Spells                             Type                      Level
   a - Sandblast                      Earth                        1
   b - Passwall                       Transmutation/Earth          2
   c - Stone Arrow                    Conjuration/Earth            3
   d - Petrify                        Transmutation/Earth          4
   e - Lee's Rapid Deconstruction     Earth                        5
 E - a book of Frost

   Spells                             Type                      Level
   a - Freeze                         Ice                          1
   b - Throw Frost                    Conjuration/Ice              2
   c - Ozocubu's Armour               Charms/Ice                   3
   d - Throw Icicle                   Conjuration/Ice              4
   e - Summon Ice Beast               Ice/Summoning                4
 O - Sif Muna's Tome of the Ashen Frostbite
   (Sif Muna gifted it to you on level 5 of the Lair of Beasts)

   Spells                             Type                      Level
   a - Slow                           Hexes                        2
   b - Throw Icicle                   Conjuration/Ice              4
   c - Bolt of Fire                   Conjuration/Fire             6
   d - Bolt of Cold                   Conjuration/Ice              6


   Skills:
 - Level 1.5 Dodging
 - Level 1.5 Stealth
 * Level 13.5 Spellcasting
 * Level 11.3 Conjurations
 * Level 11.6 Fire Magic
 + Level 0.7 Earth Magic
 - Level 6.0 Invocations
 - Level 0.5 Evocations


You had 16 spell levels left.
You knew the following spells:

 Your Spells              Type           Power        Failure   Level  Hunger
a - Throw Flame           Conj/Fire      ######       1%          2    N/A
b - Conjure Flame         Conj/Fire      ######..     1%          3    N/A
c - Sticky Flame          Conj/Fire      ######..     1%          4    N/A
d - Stone Arrow           Conj/Erth      #####.       1%          3    N/A
e - Fireball              Conj/Fire      ######....   1%          5    N/A
f - Flame Tongue          Conj/Fire      #####        1%          1    N/A
g - Bolt of Fire          Conj/Fire      ######....   6%          6    N/A

Dungeon Overview and Level Annotations

Branches:
Dungeon (11/15)            Temple (1/1) D:5            Lair (8/8) D:8
  Swamp (0/4) Lair:3       Spider (0/4) Lair:3        Slime (0/6) Lair:7
    Orc (0/2) D:10

Altars:
Ashenzari
Cheibriados
Dithmenos
Elyvilon
Fedhas
Gozag
Kikubaaqudgha
Makhleb
Nemelex Xobeh
Okawaru
Pakellas
Qazlal
Ru
Sif Muna
Trog
Vehumet
Xom
Yredelemnul
Zin
The Shining One
Jiyva

Shops:
D:11 :}%

Annotations:
D:3 dungeonguy's ghost, amateur DsWn


Innate Abilities, Weirdness & Mutations

You do not eat or drink.
Your flesh is vulnerable to fire.
You are immune to poison.
Your flesh is cold resistant.
You are immune to negative energy.
You are immune to unholy pain and torment.
You can survive without breathing.
You are in touch with the powers of death.
You can restore your body by infusing magical energy.


Message History

Okay, then.
Evoke which item? (* to show all) (? for menu, Esc to quit)
Zapping:
R - a wand of iceblast (will waste charges)
Press: ? - help, Shift-Dir - straight line, p - fire crab The mass of ice explodes!
The iceblast engulfs the fire crab.
The fire crab is severely wounded.
Evoking this partially-identified wand wasted a few charges.
You hear a bellow!
The fire crab misses you.
The fire crab claws you but does no damage.
Evoke which item? (* to show all) (? for menu, Esc to quit)
Zapping:
R - a wand of iceblast {zapped: 3} (will waste charges)
Press: ? - help, Shift-Dir - straight line The mass of ice explodes!
The iceblast engulfs the fire crab.
The fire crab is almost dead.
Evoking this partially-identified wand wasted a few charges.
The fire crab bites you.
* * * LOW HITPOINT WARNING * * *
You are engulfed in flames!
The fire burns you terribly!
You die...

,,*,,,,,.P........#*,****+**
,,,,,,,,PP..P.....♣#,,,*8,8*
,,,,,,,,.PPP.......##*,*,,,*
,,,,,,*,P.P.........#*,**,,***
,,,,,,,,P...........♣*,,*,,+,**
,,,,,,,,............♣**,*,,+,,**
,,,,,,,,............♣ *,*****,,*
,,,,,,,,...........♣# *,,,8*,,,*
,,,,,,,,.......t@..#*****,,+,,,**
,,,,,,,,P.........♣#,,,+,,8**,,,*
,,*,,,,,.#........#*,,,*****,,,,*
,,,,,,,,*#........#*,,,* **,,,*
,,,,,,,,#.........#*,,,* *,,**
,,,,,,,,.#........#*,,,* **,**
,,,,,,,+#.........♣*,,,* **8**
,,,*,*,,PP".......#***** *,**
,,,,**,,,,,,,,,,,,** ***


You could see a fire crab.

Vanquished Creatures
  The ghost of Engwar the Destroyer, a journeyman DrCj of Vehumet (Lair:6)
  Erolcha (D:8)
  6 hydras
  Erica (D:8)
  A catoblepas (Lair:8)
  4 death yaks
  2 unseen horrors (D:11)
  2 hill giants
  A cyclops (D:11)
  2 ice statues (IceCv)
  Joseph (D:7)
  A black mamba (Lair:5)
  A gargoyle (D:11)
  16 spiny frogs
  Psyche (D:8)
  10 komodo dragons
  A rime drake (Lair:6)
  A troll (D:11)
  2 two-headed ogres
  Grinder (D:6)
  A polar bear (D:8)
  Prince Ribbit (D:8)
  40 blink frogs
  Grum (D:8)
  3 hippogriffs
  A basilisk (Lair:3)
  35 yaks
  9 vampire mosquitoes (Lair:3)
  A wyvern (D:9)
  Menkaure (D:6)
  2 soldier ants (D:8)
  15 water moccasins
  10 porcupines
  5 sky beasts
  4 orc warriors
  A necrophage (D:8)
  11 ice beasts
  3 phantoms
  6 ogres
  14 wolves
  11 crocodiles
  A centaur (D:6)
  Blork the orc (D:5)
  11 giant frogs
  A wyvern skeleton (D:6)
  5 scorpions
  2 water moccasin skeletons
  13 killer bees
  4 wights (D:8)
  A howler monkey (D:7)
  3 electric eels
  7 crimson imps
  A giant frog zombie (D:5)
  4 centaur zombies
  A quasit (D:8)
  6 hounds
  12 orc priests
  2 jellies (Lair:7)
  3 centaur skeletons
  Jessica (D:2)
  Natasha (D:2)
  9 iguanas
  11 orc wizards
  9 worker ants
  12 sheep
  2 giant frog simulacra (D:8)
  4 hound zombies
  2 howler monkey zombies (D:5)
  2 worker ant zombies
  6 gnolls
  12 adders
  26 river rats
  6 shadow imps
  7 white imps (D:8)
  2 ufetubi (D:8)
  4 oozes
  3 adder skeletons
  2 adder zombies (D:5)
  6 worms
  4 dart slugs
  5 giant geckos
  43 orcs
  A ball python (D:7)
  8 giant cockroaches
  7 goblins
  8 hobgoblins
  3 jackals (D:2)
  3 quokkas
  10 bats
  A giant cockroach zombie (D:5)
  A giant gecko zombie (D:5)
  9 giant newts
  5 kobolds
  8 rats
  A bush (D:5)
  4 fungi
557 creatures vanquished.

Vanquished Creatures (collateral kills)
  A water moccasin (Lair:6)
1 creature vanquished.

Vanquished Creatures (others)
  An orc (D:8)
  14 fungi
  10 plants
25 creatures vanquished.

Grand Total: 583 creatures vanquished

Notes
Turn   | Place    | Note
--------------------------------------------------------------
     0 | D:1      | Ebgish the Mummy Fire Elementalist began the quest for the Orb.
     0 | D:1      | Reached XP level 1. HP: 13/13 MP: 3/3
   353 | D:1      | Reached XP level 2. HP: 19/19 MP: 3/5
   415 | D:1      | Reached skill level 1 in Conjurations
  1125 | D:1      | Reached XP level 3. HP: 24/24 MP: 3/6
  1207 | D:1      | Learned a level 2 spell: Throw Flame
  1211 | D:1      | Learned a level 3 spell: Conjure Flame
  1662 | D:2      | Noticed Jessica
  1665 | D:2      | Killed Jessica
  1665 | D:2      | Reached skill level 3 in Spellcasting
  1665 | D:2      | Reached XP level 4. HP: 30/30 MP: 5/8
  2000 | D:2      | Noticed Natasha
  2044 | D:2      | Killed Natasha
  2227 | D:2      | Reached XP level 5. HP: 35/35 MP: 0/10
  2308 | D:2      | Learned a level 4 spell: Sticky Flame
  2867 | D:3      | Noticed dungeonguy's ghost (amateur DsWn)
  3413 | D:3      | Reached skill level 4 in Spellcasting
  3600 | D:3      | Reached XP level 6. HP: 41/41 MP: 8/12
  4344 | D:5      | Entered Level 5 of the Dungeon
  4411 | D:5      | Noticed a sky beast
  4433 | D:5      | Killed a sky beast
  4468 | D:5      | Found a staircase to the Ecumenical Temple.
  4712 | Temple   | Entered the Ecumenical Temple
  4923 | D:5      | Noticed Blork the orc
  5169 | D:5      | Found a glowing silver altar of Zin.
  5361 | D:5      | Noticed a sky beast
  5367 | D:5      | Killed a sky beast
  5367 | D:5      | Reached XP level 7. HP: 46/46 MP: 3/14
  5734 | D:5      | Reached skill level 5 in Spellcasting
  6880 | D:6      | Noticed Menkaure
  6889 | D:5      | Reached XP level 8. HP: 51/52 MP: 10/16
  6943 | D:5      | Reached skill level 5 in Fire Magic
  7203 | D:6      | Killed Menkaure
  7208 | D:6      | Reached skill level 6 in Spellcasting
  7472 | D:6      | Noticed Grinder
  7777 | D:5      | Killed Blork the orc
  7818 | D:6      | Killed Grinder
  7818 | D:6      | Reached skill level 5 in Conjurations
  8544 | D:7      | Reached XP level 9. HP: 57/57 MP: 10/19
  8771 | D:7      | Reached skill level 7 in Spellcasting
  9186 | D:7      | Noticed Joseph
  9215 | D:7      | Killed Joseph
  9816 | D:7      | Reached skill level 8 in Spellcasting
 10116 | D:8      | Noticed a polar bear
 10356 | D:8      | Reached XP level 10. HP: 63/63 MP: 6/22
 10357 | D:8      | Noticed a death yak
 10556 | D:8      | Noticed Prince Ribbit
 10563 | D:8      | Killed Prince Ribbit
 10830 | D:8      | Noticed Grum
 11055 | D:8      | Killed Grum
 11141 | D:8      | Noticed Erica
 11162 | D:8      | Killed Erica
 11162 | D:8      | Reached skill level 9 in Spellcasting
 11675 | D:8      | Noticed Erolcha
 11681 | D:8      | Found a burning altar of Makhleb.
 11682 | D:8      | Found an oddly glowing altar of Pakellas.
 11682 | D:8      | Found a snail-covered altar of Cheibriados.
 11686 | D:8      | Found a basalt altar of Yredelemnul.
 11687 | D:8      | Found a bloodstained altar of Trog.
 11688 | D:8      | Found an opulent altar of Gozag.
 11832 | D:8      | Killed a death yak
 12279 | D:8      | Paralysed by Erolcha for 3 turns
 12283 | D:8      | Killed Erolcha
 12288 | D:8      | Reached XP level 11. HP: 12/68 MP: 10/24
 12754 | D:8      | Found a deep blue altar of Sif Muna.
 12758 | D:8      | Became a worshipper of Sif Muna the Loreminder
 12845 | D:8      | Noticed Psyche
 12852 | D:8      | Killed Psyche
 12921 | D:8      | Found a staircase to the Lair.
 12959 | D:8      | Reached skill level 10 in Spellcasting
 13654 | D:9      | Found a stormy altar of Qazlal.
 13689 | D:9      | Reached skill level 1 in Invocations
 14011 | D:9      | Reached * piety under Sif Muna
 14285 | D:9      | Learned a level 3 spell: Stone Arrow
 14426 | D:9      | Found a stormy altar of Qazlal.
 14746 | D:10     | Entered Level 10 of the Dungeon
 15354 | D:10     | Noticed a hill giant
 15364 | D:10     | Killed a hill giant
 15565 | D:10     | Found a staircase to the Orcish Mines.
 15827 | D:11     | Reached ** piety under Sif Muna
 16209 | D:11     | Found a sparkling altar of Nemelex Xobeh.
 16225 | D:11     | Noticed an unseen horror
 16228 | D:11     | Killed an unseen horror
 16228 | D:11     | Reached skill level 5 in Invocations
 16326 | D:11     | Found Veac's Book Boutique.
 16327 | D:11     | Found Ryt Baaff's Gadget Shop.
 16406 | D:11     | Found Eryxamo's Food Shop.
 16414 | D:11     | Noticed a hill giant
 16439 | D:11     | Killed a hill giant
 16456 | D:11     | Noticed an unseen horror
 16459 | D:11     | Killed an unseen horror
 16459 | D:11     | Reached XP level 12. HP: 65/74 MP: 16/26
 17119 | Lair:1   | Entered Level 1 of the Lair of Beasts
 18181 | Lair:2   | Reached *** piety under Sif Muna
 18252 | Lair:2   | Reached skill level 11 in Spellcasting
 18730 | Lair:2   | Learned a level 5 spell: Fireball
 19593 | Lair:3   | You fall through a shaft!
 19597 | Lair:4   | Reached **** piety under Sif Muna
 19597 | Lair:4   | Reached skill level 10 in Fire Magic
 20643 | Lair:3   | Reached ***** piety under Sif Muna
 21023 | Lair:3   | Found a hole to the Spider Nest.
 21415 | Lair:3   | Found a staircase to the Swamp.
 21498 | Lair:4   | Noticed an eight-headed hydra
 21503 | Lair:4   | Killed an eight-headed hydra
 22000 | Lair:5   | Reached skill level 12 in Spellcasting
 22000 | Lair:5   | Gained mutation: You are in touch with the powers of death. [Mummy growth]
 22000 | Lair:5   | Gained mutation: You can restore your body by infusing magical energy. [Mummy growth]
 22000 | Lair:5   | Reached XP level 13. HP: 79/79 MP: 16/29
 22071 | Lair:5   | Found a burning altar of Makhleb.
 22111 | Lair:5   | Reached skill level 10 in Conjurations
 22582 | Lair:5   | Reached ****** piety under Sif Muna
 22587 | Lair:5   | Received a gift from Sif Muna
 22601 | Lair:5   | Identified Sif Muna's Tome of the Ashen Frostbite (Sif Muna gifted it to you on level 5 of the Lair of Beasts)
 22609 | Lair:5   | Learned a level 6 spell: Bolt of Fire
 22906 | Lair:5   | Got a brightly glowing great sword
 22907 | Lair:5   | Identified the +6 great sword of Honour {slice, MP-9 Str+5} (You found it on level 5 of the Lair of Beasts)
 23220 | Lair:6   | Noticed Engwar's ghost (journeyman DrCj)
 23236 | Lair:6   | Killed Engwar's ghost
 23920 | Lair:7   | Found a runed door.
 23922 | Lair:7   | Found a viscous altar of Jiyva.
 23929 | Lair:7   | Found a staircase to the Slime Pits.
 24115 | Lair:7   | Reached skill level 13 in Spellcasting
 24388 | Lair:7   | Received a gift from Sif Muna
 24394 | Lair:7   | Identified Sif Muna's Almanac of Flamy Good Luck (Sif Muna gifted it to you on level 7 of the Lair of Beasts)
 24643 | Lair:8   | Entered Level 8 of the Lair of Beasts
 25131 | Lair:8   | Reached XP level 14. HP: 56/85 MP: 0/31
 25310 | Lair:8   | Found a frozen archway.
 25321 | IceCv    | Entered an ice cave
 25774 | Lair:8   | Slain by a fire crab

Vault maps used:
D:1:      dpeg_arrival_pits
D:2:      uniq_jessica, uniq_natasha
D:4:      first_bread, guppyfry_early_lair_pool
D:5:      minmay_temple_entry_overgrown, serial_undead, serial_undead_b,
          serial_undead_d, serial_undead_c, serial_undead_e, serial_undead_e,
          serial_undead_b, serial_undead_c, serial_undead_a, serial_undead_d,
          serial_undead_f, basic_altar, minmay_misc_feat_encased,
          minmay_gold_behind_fungi, uniq_blork_the_orc
D:6:      uniq_menkaure, uniq_grinder
D:7:      uniq_joseph
D:8:      grunt_temple_overflow_octagram, lair_0_dummy, serial_ice,
          serial_ice_f, serial_ice_i, serial_ice_h, serial_ice_o, serial_ice_b,
          serial_ice_e, serial_ice_m, serial_ice_c, hangedman_pestilent_swarm,
          grunt_ministairs_7, uniq_erica, uniq_grum, uniq_prince_ribbit1,
          uniq_psyche, uniq_erolcha
D:9:      nicolae_qazlal_style_of_elements, serial_column_ruins,
          column_ruins_temple_circle, column_ruins_circle_small,
          column_ruins_grid_4, column_ruins_open_medium,
          column_ruins_columns_straight, column_ruins_open_small,
          column_ruins_open_tiny, column_ruins_corridor_straight
D:10:     orc_0_dummy
D:11:     serial_shops, shop, shop, kennysheep_little_box, shop, shop,
          kennysheep_diamond
Temple:   chambers_temple_12
Lair:3:   minmay_swamp_entry_swarm, dummy_spider_entry, minivault_25,
          minivault_23, serial_bayou_shore_a
Lair:4:   bh_autumn_forest_stairs
Lair:5:   basic_altar, patterned_corridor
Lair:7:   slime_altar_2
Lair:8:   due_jungle_book, portal_ice_cave_entry_pillars_01,
          nicolae_lair_yak_garden
IceCv:    ice_cave_statue_garden_01

Skill      XL: |  1  2  3  4  5  6  7  8  9 10 11 12 13 |
---------------+----------------------------------------+-----
Conjurations   | 1 2 3 4 5 6 7 8 9 11 | 11.3
Fire Magic     | 3 4 5 7 8 9 10 11 | 11.6
Spellcasting   | 3 4 5 6 8 9 10 12 13 | 13.5
Invocations    | 5 6 |  6.0
Dodging        | |  1.5
Stealth        | |  1.5
Earth Magic    | |  0.7
Evocations     | |  0.5

Action                   |  1- 3 |  4- 6 |  7- 9 | 10-12 | 13-15 || total
-------------------------+-------+-------+-------+-------+-------++-------
Melee: Unarmed           |    31 |       |       |       |       ||    31
       Dagger            |       |   270 |   350 |    49 |     8 ||   677
 Cast: Flame Tongue      |    59 |   155 |   161 |   541 |    64 ||   980
       Conjure Flame     |       |     2 |     1 |    16 |     3 ||    22
       Throw Flame       |       |     1 |    54 |   188 |    47 ||   290
       Sticky Flame      |       |     1 |    24 |   110 |    53 ||   188
       Stone Arrow       |       |       |       |     8 |    11 ||    19
       Fireball          |       |       |       |     2 |       ||     2
       Bolt of Fire      |       |       |       |       |    99 ||    99
Invok: Channel Energy    |       |       |       |   360 |   382 ||   742
Evoke: Wand              |       |       |     2 |     4 |     3 ||     9
  Use: Scroll            |     5 |     6 |     5 |     8 |     7 ||    31
 Stab: Sleeping          |       |     3 |     1 |       |       ||     4
       Distracted        |       |     1 |       |       |       ||     1
